 Dungeon Crawl Stone Soup version 0.27-a0-343-gfcad680f63 (webtiles) character file.

Game seed: 4797093443238058356

463 jestyr24 the Skirmisher (level 6, -12/58 HPs)
             Began as a Minotaur Berserker on Feb 14, 2021.
             Was a Priest of Trog.
             Killed from afar by Ijyb (14 damage)
             ... with a bolt of acid
             ... on level 4 of the Dungeon.
             The game lasted 00:10:31 (3679 turns).

jestyr24 the Skirmisher (Minotaur Berserker)        Turns: 3679, Time: 00:10:32

Health: -12/58     AC:  7    Str: 24    XL:     6   Next: 79%
Magic:  5/5        EV: 11    Int:  8    God:    Trog [***...]
Gold:   185        SH:  0    Dex:  9    Spells: 5/5 levels left

rFire    . . .     SeeInvis .   m - +2 mace (protect)
rCold    . . .     Faith    .   (no shield)
rNeg     + . .     Spirit   .   y - +1 scale mail of the Dwarven Hall {rN+ Int+4}
rPois    .         Reflect  .   (helmet restricted)
rElec    .         Harm     .   (no cloak)
rCorr    .         Rampage  .   (no gloves)
Will     .....                  e - +0 pair of boots
Stlth    ..........             (no amulet)
HPRegen  0.19/turn              g - +4 ring of slaying
MPRegen  0.09/turn              (no ring)

@: corroded, protection aura
A: retaliatory headbutt, horns 2
a: Renounce Religion, Berserk, Trog's Hand


You were on level 4 of the Dungeon.
You worshipped Trog.
Trog was most pleased with you.
You visited 1 branch of the dungeon, and saw 4 of its levels.

You collected 185 gold pieces.

Inventory:

Hand Weapons
 a - a +0 hand axe
 h - a +0 short sword of freezing
 m - a +2 mace of protection (weapon)
 n - a +3 quarterstaff of chaos
Missiles
 p - 7 boomerangs
Armour
 b - a +0 animal skin
 e - a +0 pair of boots (worn)
 o - a +0 cloak
 s - +0 swamp dragon scales
 y - the +1 scale mail of the Dwarven Hall (worn) {rN+ Int+4}
   (You found it on level 4 of the Dungeon)

   It affects your intelligence (+4).
   It protects you from negative energy.
Jewellery
 g - a +4 ring of slaying (left hand)
Scrolls
 d - a scroll of noise {unknown}
 j - 2 scrolls of fear {unknown}
 l - 3 scrolls of enchant weapon {unknown}
 q - 4 scrolls of identify {unknown}
 u - a scroll of teleportation {unknown}
 w - a scroll of magic mapping {unknown}
Potions
 c - 2 potions of heal wounds {unknown}
 f - a potion of mutation {unknown}
 i - a potion of attraction {unknown}
 k - 2 potions of magic {unknown}
 r - a potion of curing {unknown}
 t - 2 potions of haste {unknown}
 v - 2 potions of degeneration {unknown}
 x - a potion of lignification {unknown}


   Skills:
 + Level 6.3 Fighting
 - Level 0.8 Short Blades
 - Level 4.7 Axes
 + Level 2.8 Armour
 + Level 5.2 Dodging
 + Level 1.3 Stealth


You had 5 spell levels left.
You didn't know any spells.
Your spell library contained the following spells:

 Spells                   Type           Power        Failure   Level
 Animate Skeleton         Necr           0%           71%         1
 Apportation              Tloc           0%           71%         1
 Corona                   Hex            0%           71%         1
 Summon Small Mammal      Summ           0%           71%         1


Dungeon Overview and Level Annotations

Branches:
Dungeon (4/15)
 Temple: D:4-7

Altars:
The Shining One

Annotations:
D:3 2 transporters
D:4 Ijyb


Innate Abilities, Weirdness & Mutations

You reflexively headbutt those who attack you in melee.
You have a pair of horns on your head.


Message History

Ijyb the Twisted Goblin comes into view.
She is wielding a +0 club and carrying a wand of acid (11).
Ijyb shouts!
You hit the orc.
The orc is severely wounded.
The orc hits you but does no damage. The orc hits you but does no damage.
You see here a quokka corpse.
You hit the orc.
You kill the orc!
Trog accepts your kill. The orc barely misses you. You furiously retaliate!
You headbutt the orc!
You kill the orc!
Trog accepts your kill. The orc barely misses you. You furiously retaliate!
You headbutt the orc, but do no damage. You hit the orc.
The orc is heavily wounded.
The adder skeleton barely misses you. You furiously retaliate!
You headbutt the adder skeleton!
You destroy the adder skeleton!
Trog accepts your kill.
Ijyb zaps a wand.
The bolt of acid hits you! The acid corrodes you!
You are splashed with acid!
The orc hits you with a +0 dagger.
You barely miss the orc.
The orc is heavily wounded.
The orc hits you with a +0 flail. The orc hits you but does no damage.
You thump the orc!
You kill the orc!
Trog accepts your kill. The orc hits you but does no damage.
You sock the orc!
You kill the orc!
Trog accepts your kill.
You closely miss Ijyb.
Ijyb zaps a wand.
The bolt of acid hits you!
* * * LOW HITPOINT WARNING * * *
The acid corrodes you!
You are splashed with acid!
* * * LOW HITPOINT WARNING * * *
You miss Ijyb. Your headbutt misses Ijyb.
Ijyb zaps a wand.
The bolt of acid hits you!
You die...

.<. ... .... ...#
#...## ....# ...#
....## #...# #..##
#...##$... ###...#
#.....# ......##
##†.# .......##
##g)## ...<....##
#.@## .........##
##..#
..........####..##
...#####...##..##
...# ##...#..#
...# ##....## .###
##..## ## ##.# #
#.#


You could see Ijyb.

Vanquished Creatures
  Grinder (D:3)
  Crazy Yiuf (D:2)
  An orc wizard (D:3)
  Robin (D:2)
  5 adders
  A shadow imp (D:3)
  An ooze (D:1)
  An adder skeleton (D:4)
  2 worms
  3 dart slugs
  A leopard gecko (D:1)
  10 orcs
  2 ball pythons
  3 giant cockroaches
  19 goblins
  11 hobgoblins
  10 jackals
  5 quokkas
  9 bats
  6 frilled lizards
  9 kobolds
  7 rats
109 creatures vanquished.

Vanquished Creatures (others)
  5 fungi (D:2)
5 creatures vanquished.

Grand Total: 114 creatures vanquished

Notes
Turn   | Place    | Note
-------+----------+-------------------------------------------
     0 | D:1      | jestyr24 the Minotaur Berserker began the quest for the
                  | Orb.
     0 | D:1      | Reached XP level 1. HP: 19/19 MP: 0/0
   131 | D:1      | Reached XP level 2. HP: 18/27 MP: 1/1
   132 | D:1      | Reached skill level 4 in Fighting
   750 | D:1      | Reached XP level 3. HP: 29/33 MP: 2/2
  1102 | D:2      | Reached ** piety under Trog
  1525 | D:2      | Reached XP level 4. HP: 38/40 MP: 3/3
  1634 | D:2      | Noticed Robin
  1681 | D:2      | Killed Robin
  2479 | D:2      | Found a runed translucent door.
  2480 | D:2      | Noticed Crazy Yiuf
  2489 | D:2      | Killed Crazy Yiuf
  2490 | D:2      | Reached XP level 5. HP: 26/47 MP: 4/4
  2907 | D:3      | Reached *** piety under Trog
  2918 | D:3      | Reached skill level 5 in Fighting
  3120 | D:3      | Noticed Grinder
  3130 | D:3      | Killed Grinder
  3131 | D:3      | Reached skill level 6 in Fighting
  3131 | D:3      | Reached skill level 5 in Dodging
  3131 | D:3      | Reached skill level 1 in Stealth
  3131 | D:3      | Reached XP level 6. HP: 33/57 MP: 5/5
  3138 | D:3      | Found a transporter.
  3271 | D:3      | Found a transporter.
  3449 | D:3      | Found a glowing golden altar of the Shining One.
  3606 | D:4      | Got a jewelled scale mail
  3617 | D:4      | Identified the +1 scale mail of the Dwarven Hall {rN+
                  | Int+4} (You found it on level 4 of the Dungeon)
  3670 | D:4      | Noticed Ijyb
  3678 | D:4      | HP: 2/58 [acid (10)]
  3679 | D:4      | Killed from afar by Ijyb

Illustrated notes

Levels and vault maps discovered:
D:1:      moated_graveyard_arrival, layout_basic
D:2:      layout_loops_cross, uniq_robin, uniq_crazy_yiuf_cottage
D:3:      gammafunk_steamed_eel, layout_rooms, nicolae_tso_swordbearing_angel,
          uniq_grinder
D:4:      layout_cave_pods, uniq_ijyb, uniq_natasha

Skill      XL: |  1  2  3  4  5 |
---------------+----------------+-----
Fighting       | 4 6 |  6.3
Axes           | 4 |  4.7
Dodging        | 3 5 |  5.2
Stealth        | 1 |  1.3
Short Blades   | |  0.8
Armour         | |  2.8

Action                   |  1- 3 |  4- 6 || total
-------------------------+-------+-------++-------
Melee: Hand axe          |    77 |       ||    77
       Headbutt          |    13 |    13 ||    26
       Short sword       |     4 |    46 ||    50
       Mace              |       |    77 ||    77
Armor: Animal skin       |    24 |    23 ||    47
       Swamp dragon scal |       |    15 ||    15
       Scale mail        |       |    10 ||    10
Dodge: Dodged            |    85 |    68 ||   153

Table legend: (Time is in decaauts)
 A = Elapsed time spent in this place.
 B = Non-inter-level travel time spent in this place.
 C = Inter-level travel time spent in this place.
 D = Time resting spent in this place.
 E = Time spent auto-exploring this place.
 F = Levels seen in this place.
 G = Mean time per level.
                   A        B        C        D        E       F      G
               +--------+--------+--------+--------+--------+-----+--------+
         Total |   3707 |   3586 |    121 |   1074 |   1564 |   4 |  926.8 |
       Dungeon |   3707 |   3586 |    121 |   1074 |   1564 |   4 |  926.8 |
               +--------+--------+--------+--------+--------+-----+--------+

Top non-repeatable levels by time:
     D:2: 1796 daAuts
     D:1: 1087 daAuts
     D:3: 709 daAuts
     D:4: 114 daAuts
